 Dungeon Crawl Stone Soup version 0.31-a0-1074-g0b22e4e0f1 (webtiles) character file.

Game seed: 2757736803442561040

35 grandjackal the Ruffian (level 3, 0/33 HPs)
             Began as a Ghoul Monk on Dec 1, 2023.
             Slain by Sigmund
             ... wielding a +1 scythe of distortion
              (10 damage)
             ... on level 3 of the Dungeon.
             The game lasted 00:01:09 (1295 turns).

grandjackal the Ruffian (Ghoul Monk)                Turns: 1295, Time: 00:01:10

Health: 0/33       AC:  9    Str: 14    XL:     3   Next: 33%
Magic:  2/2        EV: 11    Int: 11    God:
Gold:   90         SH:  0    Dex: 11    Spells: 2/2 levels left

rFire   + .          .
                       - Unarmed
rCold   + + .        c - orb {light}
rNeg    + + +        e - +4 ring mail
rPois   ∞            (no helmet)
rElec   +            (no cloak)
rCorr   +            (no gloves)
SInv    .            (no boots)
Will    .....        (no amulet) Stlth
                     (no ring)
HPRegen 0.00/turn    (no ring)
MPRegen 0.08/turn

%: no passive effects
@: resistant, inhibited regen, glowing
A: claws 1, cold resistance 1, negative energy resistance 3, inhibited
regeneration, torment resistance 2, devour on kill
a: no special abilities


You were on level 3 of the Dungeon.
You visited 1 branch of the dungeon, and saw 3 of its levels.

You collected 90 gold pieces.

Inventory:

Armour
 c - an orb of light (worn)
 e - a +4 ring mail (worn)
Jewellery
 g - an amulet of reflection
Scrolls
 a - a scroll of enchant weapon {unknown}
 d - a scroll of blinking {unknown}
 f - a scroll of immolation {unknown}
 h - a scroll of enchant armour {unknown}
 i - a scroll of poison {unknown}
 n - 2 scrolls of identify {unknown}
Potions
 b - a potion of ambrosia
 l - a potion of lignification {unknown}
 m - a potion of haste {unknown}


   Skills:
 + Level 3.8 Fighting
 + Level 0.7 Armour
 - Level 3.0 Dodging
 + Level 3.8 Unarmed Combat


You had 2 spell levels left.
You didn't know any spells.
Your spell library was empty.

Dungeon Overview and Level Annotations

Branches:
Dungeon (3/15)

Altars:

Annotations:
D:3 Sigmund


Innate Abilities, Weirdness & Mutations

You are immune to poison.
You have sharp fingernails.
Your flesh is cold resistant. (rC+)
You are immune to negative energy. (rN+++)
You do not regenerate when monsters are visible.
You are immune to unholy pain and torment.
You thrive by killing the living.


Message History

You scratch the dart slug.
The dart slug is severely wounded.
The dart slug bites you.
You completely miss the dart slug.
The dart slug is severely wounded.
The dart slug launches a dart at you. The slug dart misses you.
You scratch the dart slug.
You kill the dart slug!
You feel better.
No target in view!
Found a stone staircase leading down.
You now have 75 gold pieces (gained 8).
You now have 80 gold pieces (gained 5).
n - a scroll labelled QULALI ZACZOG
Found a whip.
You now have 90 gold pieces (gained 10).
n - 2 scrolls labelled QULALI ZACZOG (gained 1) Sigmund the Dreaded comes into view.
He is wielding a +1 scythe of distortion and wearing a +2 robe of positive energy.
Sigmund shouts!
It was a potion of curing.
You feel better.
It was a potion of resistance.
You feel protected.
Sigmund hits you from afar with a +1 scythe of distortion!
Space warps horribly around you.
You barely miss Sigmund. Sigmund closely misses you.
You completely miss Sigmund. Sigmund gestures at you while chanting.
You resist with significant effort.
You scratch Sigmund.
Sigmund is lightly wounded.
Sigmund hits you with a +1 scythe of distortion!
Space warps around you.
You scratch Sigmund.
Sigmund is moderately wounded.
You scratch Sigmund but do no damage.
Sigmund is moderately wounded.
Sigmund hits you with a +1 scythe of distortion!
You die...
Sigmund begins carving another notch in his scythe.

... #...............
......##..............
##.....##..............
........#............).
.......................
................#######
................#
......@.........#
#@........# #.........#
#.........# #.........#
#.........# ###########


You could see Sigmund.

Vanquished Creatures
  A dart slug (D:3)
  6 ball pythons (D:1)
  2 bats (D:1)
  3 endoplasms
  2 giant cockroaches
  2 goblins (D:1)
  4 hobgoblins
  2 quokkas
  2 kobolds (D:2)
  4 rats
28 creatures vanquished.

Notes
Turn   | Place    | Note
-------+----------+-------------------------------------------
     0 | D:1      | grandjackal the Ghoul Monk began the quest for the Orb.
     0 | D:1      | Reached XP level 1. HP: 19/19 MP: 0/0
    94 | D:1      | Reached XP level 2. HP: 26/26 MP: 1/1
   602 | D:2      | Reached XP level 3. HP: 33/33 MP: 2/2
  1285 | D:3      | Noticed Sigmund
  1295 | D:3      | Slain by Sigmund

Illustrated notes

Levels and vault maps discovered:
D:1:      tarquinn_simple_flora_water_f, layout_rooms, serial_corexii_hall,
          corexii_hall_statues_u, corexii_hall_statues_i
D:2:      layout_basic
D:3:      gammafunk_steamed_eel, layout_basic, mainiacjoe_overflow_paths,
          uniq_sigmund

Skill      XL: |  1  2 |
---------------+-------+-----
Dodging        | 3 |  3.0
Fighting       | |  3.8
Armour         | |  0.7
Unarmed Combat | |  3.8

Action                     || total
---------------------------++-------
  Melee: Unarmed           ||    66
    Use: Potion            ||     2
 Armour: Robe              ||     1
         Ring mail         ||    27
  Dodge: Dodged            ||    45

Table legend: (Time is in decaauts)
 A = Elapsed time spent in this place.
 B = Non-inter-level travel time spent in this place.
 C = Inter-level travel time spent in this place.
 D = Time resting spent in this place.
 E = Time spent auto-exploring this place.
 F = Levels seen in this place.
 G = Mean time per level.
                   A        B        C        D        E       F      G
               +--------+--------+--------+--------+--------+-----+--------+
         Total |   1290 |   1236 |     54 |      0 |   1052 |   3 |  430.0 |
       Dungeon |   1290 |   1236 |     54 |      0 |   1052 |   3 |  430.0 |
               +--------+--------+--------+--------+--------+-----+--------+

Top non-repeatable levels by time:
     D:2: 731 daAuts
     D:1: 477 daAuts
     D:3: 81 daAuts
